 Dungeon Crawl Stone Soup version 0.23-a0-359-g9beedce (webtiles) character file.

2334 lemonriz the Transmogrifier (level 9, -5/75 HPs)
             Began as a Green Draconian Transmuter on Oct 23, 2018.
             Was a Believer of Cheibriados.
             Slain by an orc
             ... wielding a +0 flail
              (7 damage)
             ... on level 8 of the Dungeon.
             The game lasted 00:14:55 (8206 turns).

lemonriz the Transmogrifier (DrTm)                  Turns: 8206, Time: 00:14:56

Health: -5/75      AC:  2    Str: 17    XL:     9   Next: 19%
Magic:  9/12       EV: 18    Int: 22    God:    Cheibriados [**....]
Gold:   382        SH:  0    Dex: 22    Spells: 2/12 levels left

rFire    + . .     SeeInvis +     - Unarmed
rCold    + . .     Gourm    +   (shield currently unavailable)
rNeg     . . .     Faith    .   (armour unavailable)
rPois    .         Spirit   .   (helmet currently unavailable)
rElec    +         Reflect  .   (cloak currently unavailable)
rCorr    +         Harm     .   (gloves currently unavailable)
MR       +....                  (boots currently unavailable)
Stlth    ++........             d - amulet of the gourmand
HPRegen  0.22/turn              h - ring of see invisible
MPRegen  0.13/turn              p - ring of protection from magic

@: lethally poisoned (-5 -> -8), spider-form, resistant, drained, very slow
A: tiny, (breathe noxious fumes), unfitting armour, AC +7
a: End Transformation, Bend Time, Renounce Religion


You were on level 8 of the Dungeon.
You worshipped Cheibriados.
Cheibriados was pleased with you.
You were very full.
You were a venomous arachnid creature.
You visited 2 branches of the dungeon, and saw 9 of its levels.

You collected 382 gold pieces.

Inventory:

Missiles
 a - 62 arrows
Armour
 i - a +2 pair of gloves (melded)
 k - a +1 buckler (melded)
 n - a +0 cloak (melded)
 u - a +0 pair of boots (melded)
Jewellery
 d - an amulet of the gourmand (around neck)
 h - a ring of see invisible (left front leg)
 p - a ring of protection from magic (right front leg)
Wands
 j - a wand of scattershot (2)
 l - a wand of flame (55)
 o - a wand of polymorph (4)
 t - a wand of paralysis (14)
 v - a wand of acid (8)
 w - a wand of enslavement (10)
 A - a wand of digging (14)
Scrolls
 b - 4 scrolls of immolation
 e - 3 scrolls of magic mapping
 f - 5 scrolls of remove curse
 r - a scroll of amnesia {unknown}
Potions
 g - a potion of lignification
 m - a potion of curing
 q - a potion of agility
 x - 2 potions of invisibility
 z - a potion of cancellation {unknown}
Comestibles
 c - 9 rations


   Skills:
 + Level 6.1(4.9) Fighting
 - Level 1.7(0.7) Dodging
 + Level 4.0(2.9) Shields
 + Level 6.4(5.2) Unarmed Combat
 + Level 2.1(1.1) Spellcasting
 * Level 8.3(7.0) Transmutations
 - Level 2.1(1.0) Poison Magic


You had 2 spell levels left.
You knew the following spells:

 Your Spells              Type           Power        Failure   Level  Hunger
a - Beastly Appendage     Tmut           ####..       4%          1    ##.....
b - Sticks to Snakes      Tmut           ####....     6%          2    ###....
c - Spider Form           Tmut/Pois      ###.......   22%         3    ####...
d - Ice Form              Ice/Tmut       ###.....     56%         4    #####..

Your spell library contained the following spells:

 Spells                   Type           Power        Failure   Level  Hunger
 Magic Dart               Conj           #...         34%         1    ##.....
 Blink                    Tloc           N/A          43%         2    ###....
 Call Imp                 Summ           #.......     43%         2    ###....
 Slow                     Hex            #.......     43%         2    ###....
 Blade Hands              Tmut           ####......   43%         5    ######.
 Mephitic Cloud           Conj/Pois/Air  #.......     58%         3    ####...
 Conjure Flame            Conj/Fire      #.......     63%         3    ####...


Dungeon Overview and Level Annotations

Branches:
Dungeon (8/15)             Temple (1/1) D:4
   Lair: D:8-11

Altars:
Ashenzari
Cheibriados
Dithmenos
Elyvilon
Fedhas
Gozag
Hepliaklqana
Kikubaaqudgha
Makhleb
Nemelex Xobeh
Okawaru
Qazlal
Ru
Sif Muna
Trog
Uskayaw
Vehumet
Wu Jian
Xom
Yredelemnul
Zin
The Shining One


Innate Abilities, Weirdness & Mutations

((You can breathe blasts of noxious fumes.))
((Your lurid green scales are hard. (AC +7)))
You cannot fit into any form of body armour.
((Your system is resistant to poisons. (rPois)))
((You are cold-blooded and may be slowed by cold attacks.))


Message History

The orc wizard gestures wildly while chanting.
The orc wizard blinks!
The orc warrior misses you.
A gnoll comes into view. It is wielding a +0 spear.
You barely miss the orc warrior.
You feel sick. The orc warrior misses you.
You hit the orc warrior but do no damage.
You feel sick.
A gnoll comes into view. It is wielding a +0 spear.
The orc warrior hits you with a +0 dire flail.
* * * LOW HITPOINT WARNING * * *
The gnoll shouts!
You hit the orc warrior.
The orc warrior is poisoned.
The orc warrior is lightly wounded.
You hear a shout!
You hit the orc warrior but do no damage.
The orc warrior is lightly wounded.
You feel sick.
The orc warrior hits you with a +0 dire flail!
* * * LOW HITPOINT WARNING * * *
The orc hits you with a +0 flail!
You die...

###### .)
#....# ...
#....#....
#....#....
#s.......#
#oo......# ...
##(......#....
#o......#....
#g.........#
#(.........#
#.g........##.
##.(...........
#.....(.......#


You could see an orc warrior, an orc wizard, 2 gnolls and an orc.

Vanquished Creatures
  Sigmund (D:2)
  2 sky beasts
  A necrophage (D:5)
  2 ogres (D:5)
  3 ice beasts
  A bullfrog (D:7)
  A gnoll sergeant (D:7)
  A wyvern skeleton (D:7)
  A scorpion (D:7)
  4 wights
  2 howler monkeys
  A bullfrog zombie (D:6)
  A jelly (D:7)
  3 crimson imps
  3 hounds
  Crazy Yiuf (D:2)
  7 orc priests
  3 orc wizards
  2 centaur skeletons
  Terence (D:1)
  2 iguanas
  3 worker ants
  A worker ant zombie (D:6)
  4 gnolls
  6 adders
  A shadow imp (D:6)
  An ooze (D:2)
  2 worms
  3 dart slugs
  2 leopard geckos
  21 orcs
  A giant cockroach (D:3)
  2 gnoll zombies (D:5)
  7 goblins
  7 hobgoblins
  7 jackals
  2 quokkas (D:2)
  7 bats
  3 frilled lizards
  8 kobolds
  A leopard gecko skeleton (D:6)
  A quokka zombie (D:7)
  8 rats
141 creatures vanquished.

Vanquished Creatures (collateral kills)
  A hound (D:4)
  An adder (D:4)
2 creatures vanquished.

Vanquished Creatures (others)
  A kobold (D:2)
  A fungus (D:5)
2 creatures vanquished.

Grand Total: 145 creatures vanquished

Notes
Turn   | Place    | Note
-------+----------+-------------------------------------------
     0 | D:1      | lemonriz the Draconian Transmuter began the quest for the
                  | Orb.
     0 | D:1      | Reached XP level 1. HP: 16/16 MP: 3/3
   464 | D:1      | Reached XP level 2. HP: 20/23 MP: 5/5
   469 | D:1      | Learned a level 2 spell: Sticks to Snakes
  1025 | D:1      | Found a sparkling altar of Nemelex Xobeh.
  1027 | D:1      | Found a blossoming altar of Fedhas.
  1027 | D:1      | Found a shimmering altar of Xom.
  1029 | D:1      | Found a blossoming altar of Fedhas.
  1029 | D:1      | Found a radiant altar of Vehumet.
  1029 | D:1      | Found a snail-covered altar of Cheibriados.
  1586 | D:2      | Reached XP level 3. HP: 27/29 MP: 4/6
  1591 | D:2      | Learned a level 3 spell: Spider Form
  1607 | D:2      | Noticed Terence
  1607 | D:2      | Noticed Sigmund
  1732 | D:1      | Killed Terence
  1732 | D:1      | Reached skill level 3 in Transmutations
  2081 | D:2      | Killed Sigmund
  2081 | D:2      | Reached skill level 4 in Transmutations
  2081 | D:2      | Reached XP level 4. HP: 29/38 MP: 1/7
  2081 | D:2      | Reached XP level 5. HP: 34/45 MP: 1/8
  2354 | D:2      | Found a runed door.
  2359 | D:2      | Noticed Crazy Yiuf
  2365 | D:2      | Killed Crazy Yiuf
  2723 | D:3      | Reached XP level 6. HP: 51/51 MP: 5/9
  2756 | D:3      | Found a sparkling altar of Nemelex Xobeh.
  2757 | D:3      | Found a hazy altar of Hepliaklqana.
  2759 | D:3      | Found a stormy altar of Qazlal.
  2840 | D:3      | Found a shadowy altar of Dithmenos.
  2842 | D:3      | Found an iron altar of Okawaru.
  2842 | D:3      | Found a sacrificial altar of Ru.
  2896 | D:3      | Found a glowing silver altar of Zin.
  3114 | D:3      | Found a faded altar of an unknown god.
  3596 | D:4      | Reached skill level 5 in Transmutations
  4134 | D:4      | Found a staircase to the Ecumenical Temple.
  4234 | Temple   | Entered the Ecumenical Temple
  4289 | Temple   | Became a worshipper of Cheibriados the Contemplative
  4395 | D:5      | Entered Level 5 of the Dungeon
  4454 | D:5      | Reached skill level 1 in Shields
  4454 | D:5      | Your scales start taking on a lurid green colour.
  4454 | D:5      | Reached XP level 7. HP: 20/59 MP: 1/10
  4454 | D:5      | Gained mutation: Your system is resistant to poisons.
                  | (rPois) [Green Draconian growth]
  5117 | D:5      | Learned a level 4 spell: Ice Form
  5133 | D:5      | Reached skill level 5 in Unarmed Combat
  5133 | D:5      | Reached skill level 6 in Transmutations
  5390 | D:5      | Reached * piety under Cheibriados
  5441 | D:5      | Found a basalt altar of Yredelemnul.
  5513 | D:5      | Found a blossoming altar of Fedhas.
  5579 | D:5      | Found an ornate altar of the Wu Jian Council.
  5791 | D:5      | Reached XP level 8. HP: 67/67 MP: 9/11
  5853 | D:5      | Reached skill level 5 in Fighting
  5894 | D:5      | Found a radiant altar of Vehumet.
  6078 | D:6      | Reached skill level 7 in Transmutations
  6903 | D:7      | Reached ** piety under Cheibriados
  6903 | D:7      | Reached skill level 1 in Poison Magic
  6966 | D:7      | Found a shattered altar of Ashenzari.
  7130 | D:6      | HP: 1/69 [wight/+5 battleaxe of freezing (5)]
  7483 | D:7      | Reached skill level 8 in Transmutations
  7483 | D:7      | Reached XP level 9. HP: 53/75 MP: 12/12
  7716 | D:7      | Found a glowing golden altar of the Shining One.
  8206 | D:8      | HP: 2/75 [orc warrior/+0 dire flail (9)]
  8206 | D:8      | Slain by an orc

Vault maps used:
D:1:      evilmike_arrival_hilbert_curve, doesnt_xom_only_xom
D:2:      minivault_19, minmay_door_square, mrwooster_statue_mirror,
          uniq_crazy_yiuf_cottage, uniq_terence, uniq_sigmund
D:3:      grunt_temple_overflow_open, chequers_ecumenical_altar_twisty
D:4:      temple_hall
D:5:      marbit_many_paths, vehumet_altar_wand_db,
          lemuel_zombie_altar_yredelemnul, fedhas_altar_3, first_ration,
          grunt_decor_mini_mirrors
D:7:      kennysheep_little_box, ashenzari_altar_1
D:8:      kennysheep_blocky_room, grunt_livestock
Temple:   compressed_dpeg_circular_temple

Skill      XL: |  1  2  3  4  5  6  7  8  9 |
---------------+----------------------------+-----
Fighting       | 3 4 5 6 |  6.1
Transmutations | 4 5 6 8 |  8.3
Unarmed Combat | 4 5 6 |  6.4
Shields        | 1 2 4 |  4.0
Poison Magic   | 1 2 |  2.1
Dodging        | |  1.7
Spellcasting   | |  2.1

Action                   |  1- 3 |  4- 6 |  7- 9 || total
-------------------------+-------+-------+-------++-------
Melee: Unarmed           |   119 |   225 |   378 ||   722
       Kick              |     2 |       |       ||     2
       Tailslap          |     7 |    19 |    55 ||    81
       Punch             |     1 |     3 |       ||     4
       Headbutt          |     1 |     8 |    14 ||    23
 Cast: Beastly Appendage |     3 |     5 |     7 ||    15
       Spider Form       |     2 |     4 |     3 ||     9
       Sticks to Snakes  |       |     4 |     4 ||     8
 Abil: Breathe Noxious F |       |       |     9 ||     9
       End Transformatio |       |       |     2 ||     2
  Use: Scroll            |       |     7 |    13 ||    20
       Potion            |       |       |     4 ||     4
 Stab: Sleeping          |     2 |       |       ||     2
       Confused          |       |       |     5 ||     5
       Distracted        |       |       |     1 ||     1
       Invisible         |       |       |     1 ||     1
  Eat: Chunk             |     3 |    25 |    11 ||    39
Armor: Skin              |    31 |   105 |   114 ||   250
Dodge: Dodged            |    81 |   190 |   201 ||   472
Block: Buckler           |       |     1 |    89 ||    90

Table legend:
 A = Non-vault XP
 B = Vault XP
 C = Vault XP percentage of total XP
 D = Non-vault monster count
 E = Vault monster count
 F = Vault count percentage of total count
                 A         B        C        D         E       F
            +---------+---------+-------+---------+---------+-------
      Total |    3029 |     306 |   9.2 |     136 |       7 |   4.9
            +---------+---------+-------+---------+---------+-------
        D:1 |      28 |      36 |  56.2 |      17 |       1 |   5.6
        D:2 |      42 |     252 |  85.7 |      14 |       2 |  12.5
        D:3 |      91 |       0 |   0.0 |      25 |       0 |   0.0
        D:4 |     243 |       0 |   0.0 |      14 |       0 |   0.0
        D:5 |     981 |      18 |   1.8 |      24 |       4 |  14.3
        D:6 |     887 |       0 |   0.0 |      24 |       0 |   0.0
        D:7 |     743 |       0 |   0.0 |      17 |       0 |   0.0
        D:8 |      14 |       0 |   0.0 |       1 |       0 |   0.0
            +---------+---------+-------+---------+---------+-------
